 Dungeon Crawl Stone Soup version 0.29.1-1-gd02db6906a (webtiles) character file.

Game seed: 11798049952757691682

8 Kold the Trooper (level 2, 19/24 HPs)
             Began as a Demonspawn Cinder Acolyte on Oct 19, 2022.
             Was a High Priest of Ignis.
             Quit the game on level 1 of the Dungeon.
             The game lasted 00:00:24 (336 turns).

Kold the Trooper (Demonspawn Cinder Acolyte)         Turns: 336, Time: 00:00:25

Health: 19/24      AC:  2    Str: 14    XL:     2   Next: 0%
Magic:  3/3        EV: 11    Int: 15    God:    Ignis [*****.]
Gold:   45         SH:  0    Dex:  8    Spells: 3/3 levels left

rFire   + . .      SeeInvis .     - Unarmed
rCold   . . .      Faith    .   (no shield)
rNeg    . . .      Spirit   .   a - +0 robe
rPois   .          Reflect  .   (no helmet)
rElec   .          Harm     .   (no cloak)
rCorr   .          Rampage  .   (no gloves)
Will    .....                   (no boots)
Stlth   +.........              (no amulet)
HPRegen 0.08/turn               (no ring)
MPRegen 0.08/turn               (no ring)

@: no status effects
A: hooves 1
a: Renounce Religion, Fiery Armour, Foxfire Swarm, Rising Flame


You were on level 1 of the Dungeon.
You worshipped Ignis.
Ignis was extremely pleased with you.
You visited 1 branch of the dungeon, and saw 1 of its levels.

You collected 45 gold pieces.

Inventory:

Armour
 a - a +0 robe (worn)
Scrolls
 b - a scroll of identify {unknown}
 c - a scroll of noise {unknown}
Potions
 d - a potion of invisibility {unknown}


   Skills:
 + Level 3.1 Fighting
 + Level 2.8 Unarmed Combat
 + Level 1.2 Spellcasting
 + Level 2.8 Fire Magic


You had 3 spell levels left.
You didn't know any spells.
Your spell library contained the following spells:

 Spells                   Type           Power      Damage    Failure   Level
 Scorch                   Fire           18%        2d5       12%         2


Dungeon Overview and Level Annotations

Branches:
Dungeon (1/15)

Altars:


Innate Abilities, Weirdness & Mutations

You have large cloven feet.


Message History

The bat barely misses you.
A bat comes into view.
The bat moves out of view.
You barely miss the bat.
The bat is severely wounded.
The bat closely misses you.
You barely miss the ball python. The bat hits you.
The ball python barely misses you. x2
You hit the bat.
You kill the bat!
An endoplasm comes into view.
The ball python bites you but does no damage.
The ball python grabs you. The ball python constricts you.
The endoplasm quivers.
You hit the ball python.
You kill the ball python!
Unknown command.
A dart slug comes into view.
The goblin barely misses you.
You see here a ball python corpse.
You hit the goblin.
The goblin is heavily wounded.
The goblin hits you with a +0 club.
You hit the goblin.
The goblin is severely wounded.
The goblin barely misses you.
The dart slug briefly extends its eye-stalks.
You hit the goblin.
You kill the goblin!
You have reached level 2!
Your demonic ancestry asserts itself...
Your feet thicken and deform.
Autopickup is now off.
The endoplasm attacks as you move away! The endoplasm completely misses you.
Unknown command.
The endoplasm freezes you.
You are frozen.
The dart slug launches a dart at you. The slug dart misses you.
Are you sure you want to abandon this character and quit the game? (Confirm with "yes".)

#####.............# .
#........##.#.#
...#....###.##.#.#
.....##.###.##.# #
###.........##.#
#######+#######.##.#
..........#####.#..#
.................>##
.......@†............#
.......J†.############
..........#
..........#
...[......#
....w.....#
...........
..........##
.#####....


You could see a dart slug and an endoplasm.

Vanquished Creatures
  An endoplasm (D:1)
  A giant cockroach (D:1)
  2 goblins (D:1)
  3 ball pythons (D:1)
  A bat (D:1)
8 creatures vanquished.

Vanquished Creatures (others)
  3 plants (D:1)
  3 withered plants (D:1)
6 creatures vanquished.

Grand Total: 14 creatures vanquished

Notes
Turn   | Place    | Note
-------+----------+-------------------------------------------
     0 | D:1      | Kold the Demonspawn Cinder Acolyte began the quest for the
                  | Orb.
     0 | D:1      | Reached XP level 1. HP: 18/18 MP: 2/2
   200 | D:1      | Found a faded altar of an unknown god.
   334 | D:1      | Gained mutation: You have large cloven feet. [demonic
                  | ancestry]
   334 | D:1      | Reached XP level 2. HP: 21/24 MP: 3/3
   336 | D:1      | Quit the game

Illustrated notes

Levels and vault maps discovered:
D:1:      dpeg_arrival_round_a, layout_basic,
          shapermc_ecumenical_altar_flowoftime, nicolae_kite_square_tiling_tiny

Action                   || total
-------------------------++-------
Melee: Unarmed           ||    28
Armor: Robe              ||     4
Dodge: Dodged            ||    25
